[Event "*** SCC Grand Prix: Titled Tuesday Blitz"]
[Site "Chess.com"]
[Date "2020.06.02"]
[Round "9"]
[White "Parkas"]
[Black "Marty435"]
[Result "0-1"]
[WhiteElo "2321"]
[BlackElo "2442"]
[TimeControl "180+1"]
[EndTime "11:48:01 PDT"]
[Termination "Marty435 won by resignation"]

1. c4 Nf6 2. g3 e6 3. Bg2 d5 4. Nf3 c5 5. O-O Nc6 6. b3 Be7 7. cxd5 Nxd5 8. Bb2 O-O 9. d3 b6 10. Nbd2 Bb7 11. a3 Bf6 12. Qc2 Rc8 13. Rac1 Nd4 14. Nxd4 cxd4 15. Qb1 Rxc1 16. Rxc1 Bg5 17. Rc2 Bxd2 18.
Rxd2 Nc3 19. Bxc3 dxc3 20. Rc2 Bxg2 21. Kxg2 Qd4 22. Qc1 Rc8 23. b4 Qd5+ 24. Kg1 Qb3 25.
h4 h6 26. Kf1 Qd5 27. Kg1 Qc6 28. Qf4 Qa4 29. Qc1 Qb3 30. Kf1 Kh7 31. Kg1 Rc6 32.
Kf1 Qd5 33. Kg1 Qb3 34. Kf1 g6 35. Kg1 Kg7 36. Kh2 Rc7 37. Kg1 Kh7 38. Kh1 Qd5+ 39.
Kg1 Qc6 40. Qf4 Kg7 41. Qd4+ f6 42. Kh2 e5 43. Qe3 Qa4 44. Qc1 Qb3 45. Kg1 a6 46. Kh2 Rc6 47. Kg1 Rc8 48. Kh2 Kh7 49. Kg1 Rc7 50. Kh2 Rc6 51. Kg1 Kg7 52. Kh2 Rc8 53. Kg1 g5 54. hxg5 hxg5 55. f3 Qd5 56. Rxc3 Qd4+ 57.
Kg2 Qxc3 58. Qe3 Qd4 59. Qd2 Rc3 60. Qd1 Qe3 61. Kf1 Rc1 0-1

[Event "*** SCC Grand Prix: Titled Tuesday Blitz"]
[Site "Chess.com"]
[Date "2020.06.02"]
[Round "9"]
[White "Kopytkin"]
[Black "bmt011"]
[Result "0-1"]
[WhiteElo "2299"]
[BlackElo "2112"]
[TimeControl "180+1"]
[EndTime "11:48:01 PDT"]
[Termination "bmt011 won on time"]

1. e4 e6 2. d4 d5 3. e5 c5 4. c3 Nc6 5. Nf3 Qb6 6. Bd3 Nh6 7.
dxc5 Bxc5 8. O-O a5 9. Qe2 Nf5 10.
g4 Nfe7 11. Nbd2 Ng6 12. Nb3 Be7 13. Nbd4 Qc7 14. Re1 Bd7 15. Nb5 Qb8 16. a4 f6 17.
exf6 Bxf6 18. Bxg6+ hxg6 19. Nbd4 Bxd4 20. cxd4 Nxd4 21.
Qd3 Nxf3+ 22. Qxf3 Qxh2+ 23. Kf1 Qh1+ 24. Qxh1 Rxh1+ 25. Ke2 Rxe1+ 26. Kxe1 Rc8 27. Bd2 Rc2 28. Bc3 Ke7 29.
Bxg7 Kd6 30. f4 Rg2 31. Be5+ Ke7 32. Kf1 Rxg4 33. Kf2 Rh4 34. Kg2 Bc6 35. Kg3 Rh5 36. b3 g5 37. Rc1 gxf4+ 38. Bxf4 Kf6 39. Rc5 e5 40. Bd2 e4 41. Bc3+ Kf5 42. Rxa5 Rh1 43.
b4 Rc1 44. Bd4 Rc4 45. Bc5 e3 46. Kf3 d4+ 47. Ke2 Ke4 48. Bd6 Bd5 49. Ra8 d3+ 50.
Kd1 e2+ 51. Kd2 Rc2+ 52. Ke1 Ke3 53. Re8+ Be4 0-1

[Event "*** SCC Grand Prix: Titled Tuesday Blitz"]
[Site "Chess.com"]
[Date "2020.06.02"]
[Round "9"]
[White "amelia91"]
[Black "Khayala13"]
[Result "0-1"]
[WhiteElo "1977"]
[BlackElo "2263"]
[TimeControl "180+1"]
[EndTime "11:48:01 PDT"]
[Termination "Khayala13 won on time"]

1. d4 Nf6 2. Nf3 e6 3. e3 d5 4. Bd3 c5 5. c3 Nc6 6. Nbd2 Bd6 7. O-O O-O 8. Re1 b6 9. Qe2 e5 10. dxc5 bxc5 11. e4 d4 12. Nc4 Re8 13. Bg5 h6 14. Bh4 Bg4 15. h3 Bh5 16. Rad1 g5 17. Bg3 Bg6 18.
Nh2 Qe7 19. Ng4 Nxg4 20. hxg4 Kg7 21. f3 Rh8 22. Bc2 h5 23. gxh5 Rxh5 24. Ba4 Nd8 25. cxd4 cxd4 26. Kf2 f6 27. a3 Ne6 28. Bc6 Rc8 29. Bd5 Nf4 30. Bxf4 gxf4 31. Rh1 Rg5 32. Rh3 d3 33. Qxd3 Bc5+ 34. Kf1 Bd4 35. Rd2 Rh8 36.
Rxh8 Kxh8 37. Qb3 Kg7 38. Qb7 Qxb7 39. Bxb7 Rh5 40. Ke2 Rh1 41. Kd3 Rg1 42. Nd6 Rc1 43. b4 Rc7 44. Bd5 Rc1 0-1

[Event "*** SCC Grand Prix: Titled Tuesday Blitz"]
[Site "Chess.com"]
[Date "2020.06.02"]
[Round "9"]
[White "dbrankovic68"]
[Black "dopolian"]
[Result "0-1"]
[WhiteElo "2431"]
[BlackElo "2341"]
[TimeControl "180+1"]
[EndTime "11:48:02 PDT"]
[Termination "dopolian won on time"]

1. e4 e5 2. Nf3 Nc6 3. c3 Nf6 4. d4 exd4 5. e5 Ne4 6. Bc4 d5 7. exd6 Nxd6 8. Bb3 dxc3 9. O-O Be7 10. Nxc3 O-O 11.
Bf4 Bg4 12. h3 Bxf3 13. Qxf3 Nd4 14. Qd1 Nxb3 15. Qxb3 b6 16. Rad1 Re8 17. Nd5 Rc8 18.
Rfe1 Bf8 19. Rxe8 Qxe8 20. Nxc7 Rxc7 21. Bxd6 Bxd6 22. Rxd6 h6 23. Qd1 Qe4 24. Rd4 Qc2 25.
Rd8+ Kh7 26. Qd4 Qc1+ 27. Kh2 Qc6 28. Qd3+ Qg6 29. Qe3 Qf6 30. Rd2 Re7 31. Qd3+ Qg6 32. Qxg6+ Kxg6 33. Kg3 Kf5 34. Kf3 Rc7 35. Re2 g5 36. g3 h5 37. g4+ hxg4+ 38. hxg4+ Kf6 39. Rd2 Re7 40. Rd6+ Ke5 41. Rd2 Rc7 42. Ke3 Ke6 43.
Ke4 Rc4+ 44. Kf3 Rc7 45. Ke3 f6 46. f3 Rh7 47. Ke4 Rc7 48. Ke3 a5 49. b3 b5 50. Re2 Ke5 51. Kd3+ Kd5 52. Re8 Rd7 0-1

[Event "*** SCC Grand Prix: Titled Tuesday Blitz"]
[Site "Chess.com"]
[Date "2020.06.02"]
[Round "9"]
[White "kuba2006"]
[Black "atalz0"]
[Result "1-0"]
[WhiteElo "2413"]
[BlackElo "2306"]
[TimeControl "180+1"]
[EndTime "11:48:02 PDT"]
[Termination "kuba2006 won by resignation"]

1. e4 d5 2. exd5 Nf6 3. Bb5+ Bd7 4. Be2 Nxd5 5. d4 Bf5 6. c4 Nb4 7. Na3 e5 8. dxe5 Qxd1+ 9. Kxd1 N8c6 10. Nf3 O-O-O+ 11. Ke1 Bc5 12. Bd2 Rhe8 13. Bc3 Bd3 14. Rd1 f6 15.
Rf1 Bxe2 16. Kxe2 Nxa2 17. Rxd8+ Nxd8 18. Bd2 Nc6 19. Nc2 Nxe5 20. Nxe5 Rxe5+ 21. Kd3 Re6 22. Ra1 Ra6 23. Rf1 Rd6+ 24. Ke2 a5 25. Bxa5 Re6+ 26.
Kd3 Bd6 27. Ra1 b6 28. Bd2 Nb4+ 29. Nxb4 c5 30. Nd5 Bxh2 31. g3 Kb7 32. Rh1 h5 33.
Rxh2 g6 34. Rh4 b5 35. Re4 Rd6 36. Re7+ Kc8 37. b3 bxc4+ 38. bxc4 Ra6 39. Bf4 Ra3+ 40.
Ke4 f5+ 41. Ke5 Rd3 42. Kf6 Rd4 43. Rc7+ Kd8 44. Rxc5 Rd3 45. Kxg6 h4 46. gxh4 Re3 47. Bg5+ Kd7 48. Rc7+ Kd6 49. fxe3 f4 50. Bxf4+ Ke6 51. Rc6+ Kd7 52. Rc7+ Kd8 53. Bg5+ Ke8 54. Nf6+ Kf8 55.
Rc8+ 1-0

[Event "*** SCC Grand Prix: Titled Tuesday Blitz"]
[Site "Chess.com"]
[Date "2020.06.02"]
[Round "9"]
[White "yonaltimur"]
[Black "kidagent"]
[Result "0-1"]
[WhiteElo "1558"]
[BlackElo "2182"]
[TimeControl "180+1"]
[EndTime "11:48:02 PDT"]
[Termination "kidagent won on time"]

1. e4 c5 2. Nf3 d6 3. d4 cxd4 4. Qxd4 Bd7 5. Nc3 Nc6 6. Qd1 g6 7. Be2 Bg7 8. Nd5 e6 9. Ne3 Nf6 10.
Bd3 O-O 11. O-O Rc8 12. c3 a6 13. a4 d5 14. e5 Ne4 15. Ng4 h5 16. Ne3 Nxe5 17.
Nxe5 Bxe5 18. Bxe4 dxe4 19. h3 Qe7 20. Qc2 Bc6 21. b4 b5 22. a5 Qf6 23. Bb2 Qf4 24. g3 Qf3 25. Rfe1 h4 26. Qe2 Qxe2 27. Rxe2 hxg3 28.
fxg3 Bxg3 29. Kg2 Be5 30. Ng4 Bg7 31. Ne3 f5 32. Kg1 Bd5 33. Rd1 Rfd8 34. Red2 Bxc3 35.
Bxc3 Rxc3 36. Nxd5 exd5 37. Rxd5 Rxd5 38. Rxd5 Rxh3 39.
Rd8+ Kf7 40. Kf2 Rb3 41. Ra8 f4 42. Ra7+ Kf6 43. Rxa6+ Kf5 44. Rb6 Rxb4 45. Rc6 Rb2+ 46. Ke1 f3 47. a6 e3 48. Rc5+ Kf4 49. a7 f2+ 0-1

[Event "*** SCC Grand Prix: Titled Tuesday Blitz"]
[Site "Chess.com"]
[Date "2020.06.02"]
[Round "9"]
[White "Bastiandash"]
[Black "Bubachess1608"]
[Result "1-0"]
[WhiteElo "2139"]
[BlackElo "2308"]
[TimeControl "180+1"]
[EndTime "11:48:03 PDT"]
[Termination "Bastiandash won on time"]

1. e4 c5 2. Nc3 e6 3. g3 a6 4. Bg2 d6 5. Nge2 Nf6 6. O-O Be7 7. h3 O-O 8. d3 Qc7 9. f4 Nc6 10. g4 Ne8 11. Be3 b5 12. Ng3 Bb7 13. f5 Nd4 14.
Nce2 Nxe2+ 15. Qxe2 d5 16. fxe6 Qxg3 17. exf7+ Rxf7 18. Rxf7 Kxf7 19. Rf1+ Nf6 20. Bf4 Qh4 21. e5 Re8 22. exf6 Bxf6 23. Qf3 Kg8 24. c3 b4 25. g5 bxc3 26. gxf6 Qxf6 27. bxc3 Qxc3 28. Kh2 Qf6 29. Qg3 Qg6 30. Qxg6 hxg6 31. Rf2 Ba8 32. Kg3 d4 33. Bxa8 Rxa8 34. Bd6 Rc8 35. Rc2 Rc6 36. Bxc5 Kf7 37. Rc4 Ke6 38. Bxd4 Rd6 39. Kf3 Kd5 40. Rc5+ Ke6 41.
Ke4 Rd7 42. Re5+ Kf7 43. Bc5 a5 44. d4 a4 45. d5 Rb7 46. d6 Rb2 47. Kd5 Rxa2 48.
Re7+ Kf6 49. d7 1-0

[Event "*** SCC Grand Prix: Titled Tuesday Blitz"]
[Site "Chess.com"]
[Date "2020.06.02"]
[Round "9"]
[White "Vitor-Moraes"]
[Black "grandcoach"]
[Result "1-0"]
[WhiteElo "2036"]
[BlackElo "2065"]
[TimeControl "180+1"]
[EndTime "11:48:04 PDT"]
[Termination "Vitor-Moraes won on time"]

1. e4 c5 2. Nc3 Nc6 3. Bb5 Nd4 4. Bc4 e6 5. Nge2 a6 6. a4 g6 7. O-O Bg7 8. d3 Ne7 9. Nxd4 cxd4 10. Ne2 d5 11. Bb3 O-O 12. Bd2 dxe4 13. dxe4 b6 14. Bg5 Bb7 15. f3 Rc8 16. Qd2 Qc7 17. Kh1 Nc6 18.
Bh6 Rfd8 19. Bxg7 Kxg7 20. Rad1 a5 21. Qg5 Ba6 22. Rfe1 Bxe2 23. Rxe2 Nb4 24. Red2 Qc5 25. e5 Nc6 26. Qf6+ Kg8 27. f4 Ne7 28. Rd3 Nf5 29.
Rh3 Qf8 30. g4 Ne3 31. Qh4 Qg7 32. Rd2 Rd7 33. Rf2 d3 34. Rxe3 d2 35. c3 d1=Q+ 36.
Bxd1 Rxd1+ 37. Kg2 Qf8 38. Rh3 Qg7 39. Re2 Rcd8 40.
Qf2 Qf8 41. Qxb6 R8d2 42. Qe3 Rd7 43. Qf2 Qa8+ 44. Qf3 Qb8 45. Qf2 Qb7+ 46. Qf3 Qc7 47. f5 exf5 48. gxf5 R1d2 49. e6 Rxe2+ 50. Qxe2 fxe6 51. Qxe6+ 1-0

[Event "*** SCC Grand Prix: Titled Tuesday Blitz"]
[Site "Chess.com"]
[Date "2020.06.02"]
[Round "9"]
[White "Gandrade2"]
[Black "zurzan"]
[Result "1-0"]
[WhiteElo "2016"]
[BlackElo "1914"]
[TimeControl "180+1"]
[EndTime "11:48:04 PDT"]
[Termination "Gandrade2 won by resignation"]

1. d4 d6 2. c4 f5 3. g3 Nf6 4. Bg2 g6 5. Nf3 Bg7 6. Nc3 O-O 7. O-O c6 8. Re1 Ne4 9. e3 Nxc3 10. bxc3 Nd7 11.
Ba3 Re8 12. Rb1 Qc7 13. Qb3 Kh8 14. Ng5 Nf6 15. h3 h6 16. Nf3 e5 17. Nd2 e4 18.
Qb4 Bf8 19. Qb3 b6 20. Qa4 Bd7 21. Qc2 c5 22. Red1 Be6 23. Bf1 Bf7 24. Bg2 Rad8 25.
Re1 d5 26. cxd5 Nxd5 27. c4 Nf6 28. d5 Bd6 29. Bb2 Be5 30. Bc3 Bxc3 31. Qxc3 Qe5 32. Qxe5 Rxe5 33. a4 Nd7 34. a5 g5 35. axb6 axb6 36.
Rb2 h5 37. Nb1 h4 38. gxh4 gxh4 39. Kh2 Bh5 40. Nc3 Rg8 41. Nb5 Bf3 42. Rg1 Bxg2 43. Rxg2 Rxg2+ 44. Kxg2 Re7 45. Ra2 Rg7+ 46. Kh2 Kh7 47.
Ra7 Kh6 48. Nd6 Nf6 49. Nxf5+ Kg5 50. Nxg7 Nh5 51. Nxh5 Kxh5 52. Rb7 Kg5 53. d6 Kf6 54. Rxb6 Ke6 55. Rc6 Kd7 56. Rxc5 Kxd6 57. Rd5+ Kc6 58. Rh5 Kd6 59. Rxh4 Kc6 60. Rxe4 Kc5 61. Rd4 Kc6 62. Kg3 1-0

[Event "*** SCC Grand Prix: Titled Tuesday Blitz"]
[Site "Chess.com"]
[Date "2020.06.02"]
[Round "9"]
[White "Supernotar"]
[Black "gross-aleks"]
[Result "0-1"]
[WhiteElo "2699"]
[BlackElo "2587"]
[TimeControl "180+1"]
[EndTime "11:48:05 PDT"]
[Termination "gross-aleks won by checkmate"]

1. d4 Nf6 2. c4 e6 3. Nf3 b6 4.
g3 Ba6 5. Nbd2 c5 6. Bg2 Bb7 7.
O-O cxd4 8. Nxd4 Bxg2 9. Kxg2 Qc8 10. b3 Qb7+ 11. Kg1 Nc6 12. Bb2 Nxd4 13. Bxd4 Be7 14. Nf3 O-O 15. Rc1 Rac8 16. a4 d5 17. cxd5 Qxd5 18. Qd3 h6 19. Qa6 Rxc1 20. Rxc1 Ba3 21. Rc7 Qxb3 22. Rxa7 Nd5 23. Kg2 Bc5 24. Bxc5 bxc5 25.
Ne5 Qc3 26. Nf3 Qb2 27. Qc4 Qb4 28. Ne5 f6 29. Qd3 Qb6 30. Ra6 Qb7 31. Nc6 Rc8 32.
Qb5 Qf7 33. Qxc5 Kh7 34. Qd6 f5 35. Ra7 Qg6 36. Qd7 Nf4+ 37. Kf3 Qg4+ 38. Ke3 Qxe2+ 39. Kd4 Qd3+ 40. Kc5 Qc3+ 41. Kd6 Rg8 42. Ke7 Nd5+ 43. Kd6 Nf6 44. Kxe6 Qc4+ 45. Kd6 Qd5+ 46. Kc7 Qxd7+ 47. Kb6 Qd6 48. Kb7 Rc8 49. a5 Qxc6# 0-1

[Event "*** SCC Grand Prix: Titled Tuesday Blitz"]
[Site "Chess.com"]
[Date "2020.06.02"]
[Round "9"]
[White "MIJUAREZ"]
[Black "Twitch_ElhamBlitz05"]
[Result "0-1"]
[WhiteElo "2390"]
[BlackElo "2681"]
[TimeControl "180+1"]
[EndTime "11:48:05 PDT"]
[Termination "Twitch_ElhamBlitz05 won on time"]

1. e4 c6 2. d4 d5 3. Nd2 dxe4 4. Nxe4 Nf6 5. Ng3 h5 6. h4 Bg4 7. Qd3 Nbd7 8. Bg5 e6 9. f3 Bf5 10. Nxf5 Qa5+ 11. Bd2 Qxf5 12. Qxf5 exf5 13. Bd3 g6 14. O-O-O Bh6 15. Re1+ Kf8 16. Bxh6+ Rxh6 17. Nh3 Kg7 18.
Ng5 Re8 19. Rxe8 Nxe8 20. Re1 Kf8 21. Bc4 Nd6 22. Bb3 b5 23. c3 Nf6 24. a4 a6 25.
axb5 axb5 26. Kd2 Nd5 27. Ra1 f6 28. Ra8+ Ke7 29. Ra7+ Kd8 30. Bxd5 cxd5 31. Nf7+ Nxf7 32. Rxf7 g5 33. hxg5 Rg6 34. gxf6 Rxg2+ 35. Kd3 Rg6 36. Rh7 Rxf6 37. Rxh5 Kc7 38. Ke3 Re6+ 39. Kf4 Re2 40. Rxf5 Kc6 41. Rf6+ Kc7 42. b4 Rc2 43. Ke5 Rxc3 44.
Kxd5 Rc4 45. Rf7+ Kd8 46. f4 Rxb4 47. f5 Rb1 48. Rb7 b4 49. Kd6 Ke8 50. d5 b3 51.
f6 b2 52. f7+ Kf8 53. Kd7 Rc1 0-1

[Event "*** SCC Grand Prix: Titled Tuesday Blitz"]
[Site "Chess.com"]
[Date "2020.06.02"]
[Round "9"]
[White "Klavdia_Nik"]
[Black "vikber19611"]
[Result "1-0"]
[WhiteElo "2036"]
[BlackElo "1905"]
[TimeControl "180+1"]
[EndTime "11:48:05 PDT"]
[Termination "Klavdia_Nik won on time"]

1. Nf3 d5 2. c4 c6 3. b3 Nf6 4. Bb2 g6 5. g3 Bg7 6. Bg2 O-O 7. O-O Bf5 8. d3 Nbd7 9. Nbd2 h6 10. Re1 Qc7 11. Nd4 Be6 12. Nxe6 fxe6 13. Qc2 Rac8 14. d4 e5 15. Qxg6 e4 16. Bh3 Rcd8 17. Be6+ Kh8 18. Nf1 Qd6 19. Bh3 Rg8 20. cxd5 cxd5 21.
Qf5 Nf8 22. Ne3 e6 23. Qe5 Qxe5 24. dxe5 N6d7 25. Ng4 Ng6 26. Nf6 Bxf6 27. exf6 Nde5 28. Bxe6 Rgf8 29. f7 Rd6 30. Bf5 Kg7 31. Bxg6 Kxg6 32. Bxe5 Re6 33. Bd4 b6 34. Rac1 Rxf7 35. e3 Ree7 36.
Rc6+ Kh7 37. Rec1 Rd7 38. Kg2 Rfe7 39. h4 Rf7 40. R1c2 Rf5 41. a4 Rdf7 42. b4 Re7 43. a5 Ref7 44. axb6 axb6 45. Bxb6 Rb7 46. Rc7+ Rxc7 47.
Rxc7+ Kg8 48. Bd4 Rf8 49. b5 Rb8 50. b6 Kf8 51. b7 1-0

[Event "*** SCC Grand Prix: Titled Tuesday Blitz"]
[Site "Chess.com"]
[Date "2020.06.02"]
[Round "9"]
[White "valeriocarnicelli"]
[Black "OK97"]
[Result "0-1"]
[WhiteElo "2605"]
[BlackElo "2772"]
[TimeControl "180+1"]
[EndTime "11:48:06 PDT"]
[Termination "OK97 won on time"]

1. e4 e6 2. d4 d5 3. Nc3 Nf6 4.
e5 Nfd7 5. f4 c5 6. Nf3 a6 7.
Be3 Qb6 8. Na4 Qa5+ 9. c3 cxd4 10. b4 Qc7 11. Bxd4 Nc6 12. Rc1 b5 13. Nb2 Nxd4 14.
Nxd4 Be7 15. Bd3 Nb6 16. O-O O-O 17. Rf3 g6 18. Rh3 Nc4 19. Qe2 a5 20. Nxc4 bxc4 21. Bb1 axb4 22. cxb4 Qa7 23. Qf2 Bxb4 24. Kh1 Be7 25.
Rf1 f5 26. Rd1 Bc5 27. Qh4 Qg7 28. Nf3 Be7 29. Qf2 Rb8 30. Qa7 Rb7 31. Qa5 Bd7 32. Nd4 Rfb8 33. Bc2 Qf8 34. Qd2 Rb2 35. a3 Bxa3 36. Ra1 Bc5 37. Qd1 Bxd4 38. Qxd4 Rxc2 39. Rg3 Rcb2 40. h4 R2b3 41. Kh2 Rxg3 42. Kxg3 Qc8 43.
Kh2 c3 44. h5 c2 45. Qe3 Rb1 46. hxg6 hxg6 47. Qg3 Kf7 48. Qg5 Qh8+ 49. Kg3 c1=Q 0-1

[Event "*** SCC Grand Prix: Titled Tuesday Blitz"]
[Site "Chess.com"]
[Date "2020.06.02"]
[Round "9"]
[White "Thipsay"]
[Black "BogdanBelyakov89"]
[Result "1-0"]
[WhiteElo "2486"]
[BlackElo "2627"]
[TimeControl "180+1"]
[EndTime "11:48:06 PDT"]
[Termination "Thipsay won by resignation"]

1. e4 e5 2. Nf3 Nc6 3. Bb5 Nf6 4. O-O Nxe4 5. Re1 Nd6 6. Nxe5 Be7 7. Nc3 O-O 8. Bf1 Nxe5 9. Rxe5 c6 10. d4 Bf6 11.
Re1 Re8 12. Rxe8+ Nxe8 13. d5 d6 14. Be3 c5 15. a4 a6 16. a5 Bd7 17. Qd2 Nc7 18. Ne4 Bf5 19. Nxf6+ Qxf6 20. c4 Rb8 21. Re1 h6 22. b4 cxb4 23. Qxb4 Ne8 24. Ba7 Rc8 25. Qxb7 Qc3 26. Rd1 Qxa5 27. c5 dxc5 28. d6 Qa4 29. d7 Qxd1 30. dxc8=Q Bxc8 31. Qxc8 Qe1 32. Bxc5 a5 33. Be3 Kf8 34. Bc5+ Kg8 35. Qd8 Kh7 36. Qe7 Qxe7 37. Bxe7 Nc7 38. Bd8 Nd5 39.
Bxa5 g6 40. g3 Kg7 41. Bc4 Ne7 42. Bc3+ Kg8 43. Bf6 Nf5 44. h4 h5 45. Bd3 Nd6 46.
Kg2 Ne8 47. Be5 Kf8 48. Kf3 Ke7 49. Kf4 Ke6 50. Bb8 Nf6 51. Bc4+ Ke7 52. Be5 Nd7 53.
Bd4 Kf8 54. Kg5 Kg8 55. Bb5 Nf8 56. Kh6 Ne6 57. Be3 Nc7 58. Bc4 Ne8 59. Bd4 Nd6 60.
Bd3 Ne8 61. Kg5 Nd6 62. Be5 Nc8 63. Bc4 Nb6 64. Bb3 Kf8 65. Bf6 Kg8 66. Kf4 Nd7 67. Bd4 Kf8 68. Ba4 Nb8 69. Bb5 Ke7 70. Ba7 Nd7 71.
Bxd7 Kxd7 72. Ke5 Ke7 73. Bc5+ Ke8 74. Kf6 1-0

[Event "*** SCC Grand Prix: Titled Tuesday Blitz"]
[Site "Chess.com"]
[Date "2020.06.02"]
[Round "9"]
[White "AlexSuv"]
[Black "aNaartjieZA"]
[Result "1-0"]
[WhiteElo "2781"]
[BlackElo "2585"]
[TimeControl "180+1"]
[EndTime "11:48:07 PDT"]
[Termination "AlexSuv won by resignation"]

1. d4 Nf6 2. Nf3 c5 3. d5 d6 4.
Nc3 e5 5. e4 Be7 6. Bb5+ Nbd7 7.
a4 a6 8. Be2 b6 9. O-O Nf8 10.
Nd2 Ng6 11. Nc4 Rb8 12. Re1 h5 13. Bg5 h4 14. h3 Nh7 15. Be3 Bg5 16. Bg4 Nf4 17.
Bxc8 Rxc8 18. Ra3 Rb8 19. Rb3 Nf8 20. Nd2 Nd7 21. Nf3 Bh6 22. Nh2 g6 23. Ng4 Bg7 24. Qf3 O-O 25. Bxf4 exf4 26. Qxf4 Ne5 27. Nxe5 Bxe5 28.
Qg4 Qf6 29. Nd1 Qg7 30. Qxh4 b5 31. axb5 Rxb5 32. Rxb5 axb5 33. b3 Ra8 34. Ne3 Bd4 35. Qf4 Be5 36. Qf3 Ra2 37. Qe2 Bc3 38. Rd1 b4 39. Nc4 Qf6 40. g3 Bd4 41. Kg2 Kg7 42. h4 Qe7 43. Rh1 f5 44. f3 fxe4 45. fxe4 Be5 46.
Rf1 Bd4 47. h5 Qg5 48. hxg6 Qxg6 49. Rf4 Qh6 50. Rg4+ Kf7 51. Rf4+ Ke7 52. e5 dxe5 53. Nxe5 Rxc2 54. Qxc2 Bxe5 55. Qe4 Kd6 56. Rf5 Qg7 57. g4 Qh8 58. Kf3 Qh3+ 59. Ke2 Qh2+ 60. Kd3 Qh3+ 61. Kc4 Qc3+ 62. Kb5 Qd4 63. Qxe5+ Qxe5 64. Rxe5 1-0

[Event "*** SCC Grand Prix: Titled Tuesday Blitz"]
[Site "Chess.com"]
[Date "2020.06.02"]
[Round "9"]
[White "LuckSlayeer"]
[Black "Vuk2000"]
[Result "0-1"]
[WhiteElo "2460"]
[BlackElo "2634"]
[TimeControl "180+1"]
[EndTime "11:48:07 PDT"]
[Termination "Vuk2000 won on time"]

1. e4 d5 2. exd5 Qxd5 3. Nc3 Qd6 4. d4 Nf6 5. Nf3 c6 6. Ne5 Nbd7 7. Bf4 Nd5 8. Qd2 Nxf4 9. Qxf4 f6 10. Nd3 Qxf4 11. Nxf4 e5 12. Ne6 Ke7 13. Nxf8 Rxf8 14. O-O-O exd4 15. Rxd4 Nc5 16. Bc4 Be6 17. Re1 Rfd8 18. Rh4 Kf7 19.
Bxe6+ Nxe6 20. Rxh7 Rh8 21. Rxh8 Rxh8 22. h3 Nf4 23.
Rg1 b5 24. Kd2 Re8 25. a3 g5 26. b4 Re5 27. Nd1 Re2+ 28. Kc1 Ke6 29. g3 Nxh3 30.
Rf1 f5 31. Kb2 g4 32. Kc3 Ng5 33. Kd3 Re5 34. Ne3 Ne4 35. Ke2 Nc3+ 36. Kd3 Ne4 37. Ke2 c5 38. Kd3 a6 39. c3 c4+ 40. Kc2 Kf6 41.
Ng2 Kg5 42. Nf4 Nf6 43. Rh1 Nd5 44. Rh5+ Kf6 45. Rh6+ Kg7 46. Rg6+ Kf7 47. Rxa6 Nxf4 48. gxf4 Re2+ 49. Kd1 Rxf2 50. Ra5 g3 51. Ke1 Rxf4 0-1

[Event "*** SCC Grand Prix: Titled Tuesday Blitz"]
[Site "Chess.com"]
[Date "2020.06.02"]
[Round "9"]
[White "TERMINATOR_PC"]
[Black "TrenerChos"]
[Result "1-0"]
[WhiteElo "2484"]
[BlackElo "2358"]
[TimeControl "180+1"]
[EndTime "11:48:08 PDT"]
[Termination "TERMINATOR_PC won by checkmate"]

1. e4 e5 2. Nf3 d6 3. d4 Nd7 4.
Bc4 c6 5. O-O Be7 6. dxe5 dxe5 7. Ng5 Nh6 8. Qh5 O-O 9. Nc3 Nf6 10. Qh4 b5 11. Bb3 a5 12. a3 Nhg4 13. h3 Nh6 14. Rd1 Qc7 15. Nf3 Nfg4 16. Qg3 a4 17. Ba2 Bc5 18.
hxg4 Nxg4 19. Rf1 Kh8 20. Ng5 Qe7 21. Qh4 h6 22. Nf3 Qc7 23. Be3 Nxe3 24. fxe3 Bxe3+ 25.
Kh1 f5 26. exf5 Bxf5 27. Rae1 Ba7 28. Nxe5 Rae8 29. Nf7+ Kh7 30. Rxf5 Rxe1+ 31. Qxe1 Qb6 32. Ng5+ hxg5 33. Rxf8 Qd4 34. Rf3 Kg6 35. Qe4+ Qxe4 36. Nxe4 Bd4 37. c3 Be5 38. g4 Bf4 39. Kg2 Bc1 40. Rf2 Kh6 41. Bb1 c5 42. Nxc5 g6 43. Nd3 Be3 44. Re2 Bb6 45. Re5 Ba7 46. Rxb5 Be3 47.
Re5 Ba7 48. Re7 Be3 49. Rxe3 Kg7 50. Re4 Kh6 51. Rxa4 Kg7 52. Rd4 Kh6 53. a4 Kg7 54. a5 Kh6 55. a6 Kg7 56. a7 Kh6 57. a8=Q Kg7 58. Qc6 Kh6 59. Rd6 Kg7 60. Rxg6+ Kh7 61. Rh6+ Kg7 62. Qf6+ Kg8 63. Rh8# 1-0

[Event "*** SCC Grand Prix: Titled Tuesday Blitz"]
[Site "Chess.com"]
[Date "2020.06.02"]
[Round "9"]
[White "Kezin_Roman"]
[Black "Fandorine"]
[Result "0-1"]
[WhiteElo "2709"]
[BlackElo "2899"]
[TimeControl "180+1"]
[EndTime "11:48:09 PDT"]
[Termination "Fandorine won on time"]

1. d4 Nf6 2. c4 g6 3. Nc3 d5 4. cxd5 Nxd5 5. e4 Nxc3 6. bxc3 Bg7 7. Nf3 c5 8. Be3 Bg4 9. Rc1 O-O 10. Qd2 Qa5 11. d5 Nd7 12. c4 Qc7 13. Be2 Nf6 14. e5 Nd7 15. e6 fxe6 16. Ng5 Nf6 17. Bxg4 Nxg4 18. Nxe6 Qe5 19. Nxf8 Rxf8 20. Qe2 Qh5 21. h3 Nxe3 22. Qxh5 Nxg2+ 23. Kf1 gxh5 24. Kxg2 Be5 25. Rhe1 Bd6 26. Re4 Kf7 27. Kf3 Ke8+ 28. Ke2 Kd7 29. Rc3 a6 30. Rf3 Rb8 31. a4 b5 32. cxb5 axb5 33.
axb5 Rxb5 34. Rf5 Rb2+ 35. Kf3 Rc2 36. Rxh5 c4 37. Rhh4 c3 38. Rc4 Be5 39. Rxh7 Rd2 40. Ke4 Bf6 41. f4 Re2+ 42. Kf3 Rd2 43. Rh5 Rh2 44. Kg4 c2 45. Re5 Kd6 0-1

[Event "*** SCC Grand Prix: Titled Tuesday Blitz"]
[Site "Chess.com"]
[Date "2020.06.02"]
[Round "9"]
[White "Reader777"]
[Black "Nafania1"]
[Result "1-0"]
[WhiteElo "2595"]
[BlackElo "2427"]
[TimeControl "180+1"]
[EndTime "11:48:09 PDT"]
[Termination "Reader777 won on time"]

1. d4 Nf6 2. c4 e6 3. g3 Bb4+ 4. Nd2 d5 5. Bg2 O-O 6. Nf3 b6 7. O-O Bb7 8. a3 Be7 9. b4 a5 10. b5 c5 11. bxc6 Nxc6 12. Rb1 a4 13. c5 Ra6 14.
Re1 Qc7 15. cxb6 Rxb6 16. Qxa4 Rxb1 17. Nxb1 Qb6 18. Bg5 Ra8 19. Qd1 h6 20. Bf4 Ne4 21. Be3 Bxa3 22. Nxa3 Rxa3 23. Qb1 Rb3 24. Qa1 Ba6 25.
Bf1 Nc3 26. Kg2 Bc4 27. Qa8+ Kh7 28. Qe8 Nd8 29. Ne5 Qc7 30. Bf4 g5 31. Nxc4 gxf4 32. Ne5 f6 33. Qg6+ Kh8 34. Qxf6+ Kg8 35. Qg6+ Qg7 36.
Qe8+ Qf8 37. Qxf8+ Kxf8 38. gxf4 Ne4 39. e3 Nf6 40. Ra1 Nf7 41. Ra8+ Kg7 42. Ra7 Kg8 43.
Rxf7 Ne4 44. Re7 Rb2 45. Nd3 Rd2 46. Rxe6 Kg7 47. Rxe4 dxe4 48. Nc5 Rc2 49. Nxe4 Ra2 50. Kf3 Ra3 51. d5 Ra1 52. Be2 1-0

[Event "*** SCC Grand Prix: Titled Tuesday Blitz"]
[Site "Chess.com"]
[Date "2020.06.02"]
[Round "9"]
[White "PetrolulSah"]
[Black "MF1966Idrisov"]
[Result "1-0"]
[WhiteElo "2241"]
[BlackElo "2343"]
[TimeControl "180+1"]
[EndTime "11:48:09 PDT"]
[Termination "PetrolulSah won on time"]

1. d4 d6 2. c4 f5 3. Nc3 Nf6 4. Nf3 e6 5. g3 Be7 6. Bg2 O-O 7. O-O Ne4 8. d5 Nxc3 9. bxc3 e5 10. e4 f4 11. c5 Na6 12. cxd6 cxd6 13. c4 Nc5 14. Nd2 Bg5 15. Nb3 fxg3 16. hxg3 b6 17. a4 Ba6 18. Nxc5 bxc5 19. Qc2 Rb8 20. Bxg5 Qxg5 21.
Rfb1 Qe7 22. Bh3 Rb4 23. Rxb4 cxb4 24. Rb1 Rb8 25. Qd2 Qb7 26. Bf1 Qb6 27. Kg2 b3 28. Rb2 Qb4 29. Qxb4 Rxb4 30. Kf3 Kf7 31. a5 Ke7 32. Ke3 Kd7 33. f3 Kc7 34. Kd2 Ra4 35.
Rxb3 Rxa5 36. Kc3 Ra1 37. Bd3 Rg1 38. g4 Rc1+ 39. Bc2 Bxc4 40. Ra3 a6 41. Kd2 Rf1 42.
Rc3 Kb7 43. Rxc4 Rxf3 44. Rc6 Rf4 45. Rxd6 Rxg4 46. Re6 h5 47. Rxe5 g6 48. Ke1 h4 49.
Kf2 h3 50. Re7+ Kb6 51. Rh7 Rg2+ 52. Kf1 Rxc2 53. Rxh3 Kc5 54. Rg3 Kd4 55. Rxg6 Kxe4 56.
d6 Rd2 57. Ke1 1-0

[Event "*** SCC Grand Prix: Titled Tuesday Blitz"]
[Site "Chess.com"]
[Date "2020.06.02"]
[Round "9"]
[White "Quattroporte300"]
[Black "gumimis"]
[Result "0-1"]
[WhiteElo "2274"]
[BlackElo "2143"]
[TimeControl "180+1"]
[EndTime "11:48:09 PDT"]
[Termination "gumimis won on time"]

1. e4 c5 2. Nf3 d6 3. d4 cxd4 4.
Nxd4 Nf6 5. Nc3 a6 6. h3 e5 7.
Nde2 b5 8. g4 b4 9. Nd5 Nxd5 10.
Qxd5 Ra7 11. Be3 Be6 12. Qd2 Rd7 13. f4 d5 14. f5 dxe4 15. Qc1 Bc4 16. Bg2 Bxe2 17.
Kxe2 Nc6 18. Bxe4 Qc7 19. c3 bxc3 20. Qxc3 Nd4+ 21. Kf2 Be7 22. Rac1 Qxc3 23. bxc3 Bh4+ 24. Kf1 O-O 25. cxd4 exd4 26. Bd2 Re7 27. Bd3 Rb8 28. Rb1 Rxb1+ 29. Bxb1 Rb7 30. Be4 Rb2 31. Ke2 Rxa2 32. Rc1 g6 33. Rc2 Ra3 34. Rc8+ Kg7 35. Bd3 gxf5 36.
gxf5 a5 37. Ra8 a4 38. Bb4 Ra2+ 39. Kd1 Rh2 40. Bf1 Rf2 41. Bd3 Rf3 42. Be2 Rxh3 43. Rxa4 d3 44. Bc3+ Kh6 45. Bg4 Rg3 46. Bd2+ Kg7 47.
Bh5 Rg1+ 48. Be1 Bxe1 0-1